 Dungeon Crawl Stone Soup version 0.22-a0-284-g99d1f74 (webtiles) character file.

27617 nikopol the Eclecticist (level 13, -5/66 HPs)
             Began as a Deep Elf Fire Elementalist on Mar 20, 2018.
             Was a High Priest of Sif Muna.
             Killed from afar by an acid blob (12 damage)
             ... with a splash of acid
             ... on level 5 of the Lair of Beasts on Mar 22, 2018.
             The game lasted 01:37:23 (19949 turns).

nikopol the Eclecticist (DEFE)                     Turns: 19949, Time: 01:37:24

Health: -5/66      AC:  2    Str:  5    XL:     13   Next: 5%
Magic:  14/35      EV: 15    Int: 29    God:    Sif Muna [*****.]
Gold:   996        SH:  0    Dex: 15    Spells: 9/44 levels left

rFire    . . .     SeeInvis .   G - +3 short sword (venom)
rCold    . . .     Gourm    +   (no shield)
rNeg     + . .     Faith    .   P - +0 robe {rN+}
rPois    .         Spirit   .   N - +1 hat {MR+}
rElec    .         Reflect  .   y - +0 cloak
rCorr    .         Harm     .   z - +1 pair of gloves
MR       +++..                  (no boots)
Stlth    +++.......             w - amulet of the gourmand
HPRegen  0.21/turn              l - ring of protection from magic
MPRegen  0.24/turn              a - +3 ring of intelligence

@: corroded
A: no striking features
a: Divine Energy, Channel Magic, Forget Spell, Renounce Religion


You were on level 5 of the Lair of Beasts.
You worshipped Sif Muna.
Sif Muna was extremely pleased with you.
You were not hungry.

You visited 2 branches of the dungeon, and saw 16 of its levels.

You collected 996 gold pieces.

Inventory:

Hand Weapons
 G - a +3 short sword of venom (weapon)
Armour
 y - a +0 cloak (worn)
 z - a +1 pair of gloves (worn)
 N - a +1 hat of magic resistance (worn)
 P - a +0 robe of positive energy (worn)
Jewellery
 a - a +3 ring of intelligence (right hand)
 l - a ring of protection from magic (left hand)
 w - an amulet of the gourmand (around neck)
 H - an uncursed ring of positive energy
 O - an uncursed ring of resist corrosion
 T - an uncursed ring of protection from fire {unknown}
Wands
 r - a wand of iceblast (6)
 v - a wand of paralysis (36)
 J - a wand of polymorph (20)
 Q - a wand of acid (4)
 S - a wand of digging (15)
Scrolls
 b - 11 scrolls of remove curse
 d - 3 scrolls of amnesia
 e - a scroll of random uselessness {unknown}
 h - 4 scrolls of enchant weapon
 i - 6 scrolls of fear
 n - 3 scrolls of magic mapping {unknown}
 p - 3 scrolls of fog {unknown}
 q - 3 scrolls of blinking
 s - 2 scrolls of noise {unknown}
 u - 6 scrolls of teleportation
 D - a scroll of immolation {unknown}
 F - a scroll of vulnerability {unknown}
 I - 5 scrolls of identify
 L - a scroll of brand weapon {unknown}
 M - a scroll of silence {unknown}
Potions
 f - 6 potions of haste
 g - 8 potions of curing
 j - 6 potions of might
 k - a potion of resistance
 m - a potion of ambrosia
 o - 4 potions of agility
 t - 4 potions of flight
 x - 2 potions of magic
 A - a potion of mutation
 B - 3 potions of berserk rage {unknown}
 C - 3 potions of heal wounds {unknown}
 E - a potion of brilliance {unknown}
 K - 3 potions of lignification {unknown}
 R - 2 potions of cancellation {unknown}
Comestibles
 c - 34 rations


   Skills:
 + Level 1.7 Fighting
 + Level 5.1 Dodging
 + Level 5.5 Stealth
 + Level 16.0 Spellcasting
 + Level 12.7 Conjurations
 + Level 13.7 Fire Magic
 + Level 0.6 Ice Magic


You had 9 spell levels left.
You knew the following spells:

 Your Spells              Type           Power        Failure   Level  Hunger
a - Flame Tongue          Conj/Fire      #####        0%          1    None
b - Throw Flame           Conj/Fire      ######       0%          2    None
c - Conjure Flame         Conj/Fire      #######.     1%          3    None
d - Sticky Flame          Conj/Fire      #######.     1%          4    None
e - Fireball              Conj/Fire      #######...   1%          5    None
f - Throw Icicle          Conj/Ice       ######..     1%          4    None
g - Bolt of Fire          Conj/Fire      #######...   1%          6    ###....
h - Ignition              Fire           #######...   43%         8    ######.
i - Blink                 Tloc           N/A          3%          2    None


Dungeon Overview and Level Annotations

Branches:
Dungeon (11/15)            Temple (0/1) D:6            Lair (5/6) D:8
 Shoals (0/4) Lair:4        Snake (0/4) Lair:2        Slime (0/5) Lair:5
    Orc (0/2) D:9

Altars:
Cheibriados
Fedhas
Gozag
Hepliaklqana
Nemelex Xobeh
Qazlal
Sif Muna
Uskayaw
Vehumet
Wu Jian
Beogh
Jiyva

Shops:
D:5 [*:(

Annotations:
Lair:5 1 runed door


Message History

The acid blob spits acid at you. The splash of acid hits you!
The acid corrodes you!
You are splashed with acid!
The acid burns!
Casting: Fireball (safe; 1% risk of failure)
Confirm with . or Enter, or press ? or * to list all spells.
Aiming: Fireball (safe; 1% risk of failure)
Press: ? - help, Shift-Dir - straight line, f/p - acid blob
Aim: an acid blob (severely wounded)
The fireball explodes!
The fireball engulfs the acid blob.
The acid blob is almost dead.
The acid blob spits acid at you. The splash of acid hits you!
You are splashed with acid!
The acid burns!
The acid blob spits acid at you. The splash of acid hits you!
* * * LOW HITPOINT WARNING * * *
You are splashed with acid!
The acid burns!
* * * LOW HITPOINT WARNING * * *
The acid blob spits acid at you. The splash of acid hits you!
You die...

.....................8......#....
..............#..(..........###..
≈.................#######...).#.#
≈............#....#.....##.......
≈..............8.........###....<
≈............#.............####..
..............#...............###
...........................P.##..
P.♣♣♣.......#...@.).........P##..
♣♣♣♣#................#P)..PP..#..
♣ ♣............J...##.....P.###.
♣###.........#####........# ##
#........J#J..#(....#### #
#.#.......'J.>#...###
###.......#...#..## # #
##.......#####.## ## #
#..............# #.


You could see 2 acid blobs.

Vanquished Creatures
  Rupert (Lair:5)
  Gastronok (Lair:1)
  The ghost of Xenophilius the Grappler, a journeyman DrTm of Cheibriados (D:10)
  5 hydras
  A two-headed ogre (D:8)
  A death yak (Lair:5)
  Nergalle (Lair:4)
  Sonja (Lair:4)
  A centaur zombie (D:10)
  2 black mambas (Lair:4)
  3 elephants (Lair:2)
  4 spiny frogs
  A rime drake (Lair:4)
  A komodo dragon (Lair:2)
  A polar bear (Lair:4)
  7 hippogriffs
  5 blink frogs (Lair:5)
  A wyvern (Lair:3)
  A spriggan (D:7)
  13 yaks
  A basilisk (Lair:2)
  Grum (D:9)
  2 hungry ghosts
  10 water moccasins
  4 nagas (Lair:2)
  13 porcupines
  2 ice beasts (D:10)
  2 ogres (D:10)
  8 orc warriors
  A phantom (D:7)
  3 sky beasts
  2 necrophages
  7 wolves
  6 centaurs
  5 crocodiles
  2 big kobolds
  The ghost of Amnesiac the Ducker, an amateur SpFi of Gozag (D:4)
  14 bullfrogs
  A wyvern skeleton (D:6)
  5 scorpions
  10 killer bees
  An electric eel (Lair:4)
  A howler monkey (D:4)
  2 crimson imps (D:10)
  2 bullfrog zombies
  3 hounds
  2 lava snakes (Lair:4)
  A quasit (D:6)
  2 orc wizards
  2 jellies (D:7)
  6 orc priests
  A bullfrog skeleton (D:8)
  A centaur skeleton (D:7)
  Jessica (D:3)
  11 worker ants
  A hound zombie (D:5)
  A worker ant zombie (D:6)
  2 howler monkey skeletons
  4 gnolls
  8 adders
  A shadow imp (D:6)
  2 oozes
  An adder zombie (D:9)
  An adder skeleton (D:4)
  2 worms (D:2)
  2 dart slugs (D:1)
  10 leopard geckos
  60 orcs
  7 bats
  8 giant cockroaches
  11 hobgoblins
  6 jackals
  6 quokkas
  4 ball pythons
  7 frilled lizards
  7 goblins
  15 kobolds
  A leopard gecko zombie (D:5)
  5 rats
  A fungus (Lair:2)
  2 plants (Lair:4)
363 creatures vanquished.

Vanquished Creatures (others)
  2 bushes (Lair:4)
  6 fungi (D:8)
  5 plants
  9 toadstools (Lair:5)
22 creatures vanquished.

Grand Total: 385 creatures vanquished

Notes
Turn   | Place    | Note
-------+----------+-------------------------------------------
     0 | D:1      | nikopol the Deep Elf Fire Elementalist began the quest for the Orb.
     0 | D:1      | Reached XP level 1. HP: 10/10 MP: 6/6
   292 | D:1      | Reached XP level 2. HP: 15/15 MP: 5/8
   443 | D:1      | Learned a level 2 spell: Throw Flame
   467 | D:1      | Reached XP level 3. HP: 16/19 MP: 7/10
   928 | D:2      | Learned a level 3 spell: Conjure Flame
  1226 | D:2      | Reached skill level 4 in Spellcasting
  1415 | D:2      | Reached XP level 4. HP: 24/24 MP: 10/12
  1472 | D:2      | Found a deep blue altar of Sif Muna.
  1481 | D:2      | Became a worshipper of Sif Muna the Loreminder
  2115 | D:3      | Noticed Jessica
  2123 | D:3      | Killed Jessica
  2123 | D:3      | Reached XP level 5. HP: 16/28 MP: 7/13
  2131 | D:3      | Learned a level 4 spell: Sticky Flame
  2694 | D:4      | Found an opulent altar of Gozag.
  2699 | D:4      | Reached skill level 5 in Spellcasting
  2757 | D:4      | Noticed Amnesiac's ghost (amateur SpFi)
  2813 | D:4      | Reached * piety under Sif Muna
  2925 | D:4      | Reached skill level 5 in Fire Magic
  2925 | D:4      | Reached XP level 6. HP: 32/32 MP: 13/16
  2950 | D:4      | Learned a level 5 spell: Fireball
  3250 | D:4      | Killed Amnesiac's ghost
  3250 | D:4      | Reached skill level 6 in Spellcasting
  3757 | D:5      | Entered Level 5 of the Dungeon
  3950 | D:5      | Reached XP level 7. HP: 36/36 MP: 10/18
  4106 | D:5      | Found Puceont's Assorted Antiques.
  4107 | D:5      | Found Saako's Weapon Shoppe.
  4112 | D:5      | Found Awkecet's Antique Armour Shoppe.
  4112 | D:5      | Found Vaaquzof's Book Shoppe.
  4207 | D:5      | Found a hide-covered altar of Uskayaw.
  4212 | D:5      | Found a snail-covered altar of Cheibriados.
  4257 | D:5      | Found a sparkling altar of Nemelex Xobeh.
  4676 | D:5      | Found a hazy altar of Hepliaklqana.
  4797 | D:5      | Found a sparkling altar of Nemelex Xobeh.
  5043 | D:6      | Reached ** piety under Sif Muna
  5043 | D:6      | Reached skill level 7 in Spellcasting
  5193 | D:6      | Reached skill level 5 in Conjurations
  5286 | D:6      | Found a blossoming altar of Fedhas.
  5330 | D:6      | Reached XP level 8. HP: 31/41 MP: 8/21
  5811 | D:6      | Found a stormy altar of Qazlal.
  5961 | D:6      | Found a staircase to the Ecumenical Temple.
  6271 | D:7      | Reached skill level 8 in Spellcasting
  6573 | D:7      | Reached *** piety under Sif Muna
  6783 | D:7      | Reached skill level 9 in Spellcasting
  7482 | D:8      | Reached XP level 9. HP: 38/46 MP: 13/24
  7484 | D:8      | Noticed a two-headed ogre
  7661 | D:8      | Killed a two-headed ogre
  7661 | D:8      | Reached skill level 10 in Spellcasting
  7954 | D:8      | Reached **** piety under Sif Muna
  7983 | D:8      | Reached skill level 1 in Fighting
  8270 | D:8      | Found a roughly hewn altar of Beogh.
  8288 | D:8      | Found a staircase to the Lair.
  8909 | D:9      | Noticed Grum
  8915 | D:9      | Killed Grum
  8915 | D:9      | Reached skill level 11 in Spellcasting
  9229 | D:9      | Reached XP level 10. HP: 52/52 MP: 23/27
  9802 | D:9      | Reached ***** piety under Sif Muna
  9980 | D:9      | Found a roughly hewn altar of Beogh.
  9980 | D:9      | Found a staircase to the Orcish Mines.
 10084 | D:9      | Found an ornate altar of the Wu Jian Council.
 10145 | D:9      | Identified Sif Muna's Guide on the Voyage and Attacks (Sif Muna gifted it to you on level 9 of the Dungeon)
 10145 | D:9      | Received a gift from Sif Muna
 10198 | D:9      | Learned a level 4 spell: Throw Icicle
 10326 | D:10     | Entered Level 10 of the Dungeon
 10677 | D:10     | Reached skill level 12 in Spellcasting
 10745 | D:10     | Noticed Xenophilius's ghost (journeyman DrTm)
 10826 | D:10     | Reached skill level 10 in Fire Magic
 10847 | D:10     | Killed Xenophilius's ghost
 11265 | D:10     | Found a deep blue altar of Sif Muna.
 11977 | D:11     | Noticed a six-headed hydra
 12033 | Lair:1   | Entered Level 1 of the Lair of Beasts
 12149 | Lair:1   | Reached XP level 11. HP: 56/56 MP: 18/29
 12151 | Lair:1   | Reached skill level 10 in Conjurations
 12411 | Lair:1   | Noticed a six-headed hydra
 12417 | Lair:1   | Killed a six-headed hydra
 12417 | Lair:1   | Identified Sif Muna's Almanac of Flames and Bewitchment (Sif Muna gifted it to you on level 1 of the Lair of Beasts)
 12417 | Lair:1   | Received a gift from Sif Muna
 12417 | Lair:1   | Reached skill level 13 in Spellcasting
 12434 | Lair:1   | Learned a level 6 spell: Bolt of Fire
 12594 | Lair:1   | Noticed Gastronok
 12606 | Lair:1   | Killed Gastronok
 13507 | Lair:2   | Found a staircase to the Snake Pit.
 13649 | Lair:2   | Noticed a six-headed hydra
 13806 | Lair:2   | Killed a six-headed hydra
 13806 | Lair:2   | Reached skill level 14 in Spellcasting
 15128 | Lair:3   | Noticed a four-headed hydra
 15137 | Lair:3   | Killed a four-headed hydra
 15137 | Lair:3   | Reached XP level 12. HP: 61/61 MP: 16/32
 15278 | Lair:3   | Found a radiant altar of Vehumet.
 15320 | Lair:3   | Identified Mywkemep's Reference Book on Fiery Weightlessness (Sif Muna gifted it to you on level 3 of the Lair of Beasts)
 15320 | Lair:3   | Received a gift from Sif Muna
 16593 | Lair:4   | Found a staircase to the Shoals.
 16851 | Lair:3   | Learned a level 8 spell: Ignition
 16883 | Lair:4   | Noticed a four-headed hydra
 16884 | Lair:4   | Killed a four-headed hydra
 17054 | Lair:4   | Noticed Sonja
 17056 | Lair:4   | Killed Sonja
 17056 | Lair:4   | Reached skill level 15 in Spellcasting
 17227 | Lair:4   | Noticed Nergalle
 17233 | Lair:4   | Killed Nergalle
 17233 | Lair:4   | Reached skill level 5 in Dodging
 17233 | Lair:4   | Reached skill level 5 in Stealth
 17526 | Lair:4   | HP: 3/62 [rime drake/flash freeze (20)]
 18976 | Lair:5   | Found a runed door.
 18976 | Lair:5   | Found a viscous altar of Jiyva.
 19371 | Lair:5   | Noticed Rupert
 19376 | Lair:5   | Killed Rupert
 19376 | Lair:5   | Received a gift from Sif Muna
 19381 | Lair:5   | Learned a level 2 spell: Blink
 19608 | Lair:5   | Noticed a death yak
 19611 | Lair:5   | Noticed a four-headed hydra
 19626 | Lair:5   | Killed a death yak
 19626 | Lair:5   | Reached XP level 13. HP: 66/66 MP: 9/34
 19827 | Lair:5   | Found a runed door.
 19867 | Lair:5   | Reached skill level 16 in Spellcasting
 19909 | Lair:5   | Noticed an acid blob
 19910 | Lair:5   | Found a staircase to the Slime Pits.
 19910 | Lair:5   | Noticed an acid blob
 19949 | Lair:5   | Killed from afar by an acid blob

Vault maps used:
D:1:      evilmike_arrival_hilbert_curve, serial_park_tiny_1,
          hangedman_decor_growths
D:2:      lemuel_doored_altar, minmay_tripent
D:3:      st_stairs_9, feat_on_display, uniq_jessica
D:4:      nicolae_gozag_seed_capital, first_ration
D:5:      lemuel_round_altar, minitemple, minmay_shop_grid_forest,
          nemelex_altar_shiori
D:6:      marbit_many_paths, overflow_temple_1_default,
          minmay_temple_entry_poolview
D:7:      the_bakery
D:8:      grunt_lair_entry_orc_guard_hut, special_room
D:9:      kennysheep_mini, david_orc_5, uniq_grum
D:10:     basic_altar, hangedman_decor_opposing
D:11:     lab_entry_generic, enter_bailey_2
Lair:1:   serial_bayou_pond_a, grunt_megastairs_1, uniq_gastronok
Lair:2:   minmay_snake_entry_guardpost_small
Lair:3:   basic_altar, patterned_corridor, serial_bayou_shore_b,
          grunt_megastairs_5, serial_bayou_shore_b
Lair:4:   minmay_shoals_entry_centaurs, wad_woods_06,
          nicolae_quartered_pool_medium, disabler_island, uniq_nergalle,
          uniq_sonja
Lair:5:   gammafunk_lair_enchanted_lake, slime_altar_2, st_stairs_13,
          grunt_megastairs_4, uniq_rupert

Skill      XL: |  1  2  3  4  5  6  7  8  9 10 11 12 13 |
---------------+----------------------------------------+-----
Fire Magic     | 4 5 6 7 9 10 12 13 | 13.7
Spellcasting   | 4 5 6 7 9 11 12 14 15 16 | 16.0
Conjurations   | 3 5 6 8 9 11 12 | 12.7
Stealth        | 3 4 5 |  5.5
Dodging        | 3 4 5 |  5.1
Fighting       | 1 |  1.7
Ice Magic      | |  0.6

Action                   |  1- 3 |  4- 6 |  7- 9 | 10-12 | 13-15 || total
-------------------------+-------+-------+-------+-------+-------++-------
Melee: Unarmed           |       |     2 |     8 |       |       ||    10
       Short sword       |       |       |       |     2 |       ||     2
 Cast: Flame Tongue      |    68 |   135 |   249 |   290 |     1 ||   743
       Throw Flame       |       |    10 |    38 |    91 |     2 ||   141
       Conjure Flame     |       |     2 |    12 |    11 |       ||    25
       Sticky Flame      |       |       |    20 |    49 |       ||    69
       Fireball          |       |       |     7 |    70 |     5 ||    82
       Throw Icicle      |       |       |       |    10 |       ||    10
       Bolt of Fire      |       |       |       |     6 |     3 ||     9
       Blink             |       |       |       |       |     1 ||     1
  Use: Scroll            |       |       |    12 |     7 |       ||    19
  Eat: Chunk             |     1 |     8 |    20 |    29 |     1 ||    59
       Ration            |       |       |     2 |       |       ||     2
Armor: Robe              |     5 |     1 |    18 |    31 |       ||    55
Dodge: Dodged            |    18 |    25 |    75 |    61 |       ||   179

Table legend:
 A = Spawn XP
 B = Non-spawn XP
 C = Spawn XP percentage of total XP
 D = Spawn monster count
 E = Non-spawn monster count
 F = Spawn count percentage of total count
 G = Total turns spent on level
                    A         B        C        D         E        F      G
               +---------+---------+-------+---------+---------+-------+---------
         Total |       0 |   39453 |   0.0 |       0 |     360 |   0.0 | 19949
               +---------+---------+-------+---------+---------+-------+---------
           D:1 |       0 |      50 |   0.0 |       0 |      18 |   0.0 |   921
           D:2 |       0 |      50 |   0.0 |       0 |      25 |   0.0 |   673
           D:3 |       0 |     116 |   0.0 |       0 |      30 |   0.0 |   805
           D:4 |       0 |     622 |   0.0 |       0 |      24 |   0.0 |  1624
           D:5 |       0 |     171 |   0.0 |       0 |      18 |   0.0 |   947
           D:6 |       0 |     723 |   0.0 |       0 |      19 |   0.0 |  1271
           D:7 |       0 |     867 |   0.0 |       0 |      14 |   0.0 |  1006
           D:8 |       0 |    2164 |   0.0 |       0 |      34 |   0.0 |  1940
           D:9 |       0 |    2110 |   0.0 |       0 |      40 |   0.0 |  1706
          D:10 |       0 |    3500 |   0.0 |       0 |      40 |   0.0 |  1138
        Lair:1 |       0 |    4672 |   0.0 |       0 |      13 |   0.0 |  1228
        Lair:2 |       0 |    6504 |   0.0 |       0 |      26 |   0.0 |  1865
        Lair:3 |       0 |    3791 |   0.0 |       0 |      18 |   0.0 |  1628
        Lair:4 |       0 |    5630 |   0.0 |       0 |      20 |   0.0 |  1778
        Lair:5 |       0 |    8483 |   0.0 |       0 |      21 |   0.0 |  1417
               +---------+---------+-------+---------+---------+-------+---------
